 Dungeon Crawl Stone Soup version 0.22.1-2-g9c5b331 (webtiles) character file.

1253 Monzz the Cleaver (level 8, -3/68 HPs)
             Began as a Hill Orc Monk on Dec 16, 2018.
             Was a Believer of Beogh.
             Slain by a bullfrog (5 damage)
             ... on level 6 of the Dungeon.
             The game lasted 00:15:43 (4655 turns).

Monzz the Cleaver (Hill Orc Monk)                   Turns: 4655, Time: 00:15:44

Health: -3/68      AC: 10    Str: 16    XL:     8   Next: 51%
Magic:  8/8        EV:  6    Int: 10    God:    Beogh [**....]
Gold:   258        SH: 12    Dex: 13    Spells: 7/7 levels left

rFire    + . .     SeeInvis .   q - +2 war axe
rCold    . . .     Gourm    .   m - +2 shield
rNeg     . . .     Faith    .   k - +1 chain mail
rPois    .         Spirit   .   (no helmet)
rElec    .         Reflect  .   (no cloak)
rCorr    .         Harm     .   (no gloves)
MR       .....                  (no boots)
Stlth    ..........             (no amulet)
HPRegen  0.21/turn              g - ring of protection from fire
MPRegen  0.11/turn              s - ring of flight

@: no status effects
A: no striking features
a: Smiting, Renounce Religion, Evoke Flight


You were on level 6 of the Dungeon.
You worshipped Beogh.
Beogh was pleased with you.
You were not hungry.

You visited 1 branch of the dungeon, and saw 7 of its levels.

You collected 258 gold pieces.

Inventory:

Hand Weapons
 q - a +2 war axe (weapon)
Missiles
 a - 2 tomahawks
 f - 294 stones (quivered)
Armour
 k - a +1 chain mail (worn)
 m - a +2 shield (worn)
Jewellery
 g - a ring of protection from fire (left hand)
 h - an uncursed ring of ice
 p - an uncursed ring of ice
 s - a ring of flight (right hand)
Scrolls
 b - 3 scrolls of identify
 d - 2 scrolls of enchant weapon
 l - a scroll of fog
 u - a scroll of remove curse
Potions
 i - 2 potions of curing
 j - a potion of magic
 n - 2 potions of berserk rage {unknown}
 o - a potion of lignification {unknown}
 r - a potion of might {unknown}
Comestibles
 c - 14 rations


   Skills:
 + Level 5.1 Fighting
 * Level 8.6 Axes
 + Level 0.2 Throwing
 + Level 3.8 Armour
 + Level 3.0 Dodging
 + Level 1.8 Stealth
 * Level 6.3 Shields


You had 7 spell levels left.
You didn't know any spells.
Your spell library was empty.

Dungeon Overview and Level Annotations

Branches:
Dungeon (7/15)             Temple (0/1) D:6

Altars:
Fedhas
Makhleb
Nemelex Xobeh
Yredelemnul

Annotations:
D:4 Crazy Yiuf
D:6 Dowan, Duvessa, Grinder


Message History

You closely miss the orc priest.
Your chain mail prevents you from hitting the hound.
You block the bullfrog's attack. The orc priest hits you.
* * * LOW HITPOINT WARNING * * *
You block the hound's attack. The bullfrog hits you.
* * * LOW HITPOINT WARNING * * *
You completely miss the bullfrog.
The bullfrog is almost dead.
You hit the orc priest. You hit the hound. You block the hound's attack.
The orc priest hits you.
* * * LOW HITPOINT WARNING * * *
You block the bullfrog's attack. The hound bites you but does no damage.
You completely miss the bullfrog.
The bullfrog is almost dead.
Your chain mail prevents you from hitting the orc priest.
You closely miss the hound.
The bullfrog hits you but does no damage.
The orc priest casts a cantrip, but nothing happens.
You block the hound's attack. The bullfrog hits you.
You die...

*,* *,* *,* *,* *,* *,*
*****############## *,* *,*
*,,,,..........?..# *,* *****,*
*,**###...........# *,***,,,,,*
,,**......).......# *,,,,,*****
##**.............h#**,,*,,******
..,,............@.#,,,,*,,,,,,,*
#.###.#......(.)oF#,*,***,****,*
.e<...#.......##'##,*,,,,,,,**,*
..#...Y........#..,,*****,*,**,*
..*............###*** *,,,,**,*
#.*............#,,,,* *,,,,,,,*
..*............#,**,****,,,*****
##*............#,**,,,,,,,,*
,**............#,********,,*


You could see a bullfrog, a hound and an orc priest.

Vanquished Creatures
  A sky beast (D:5)
  4 ogres
  A centaur (D:5)
  2 scorpions
  A howler monkey (D:5)
  A jelly (D:5)
  3 hounds
  A quasit (D:5)
  A centaur skeleton (D:4)
  3 bullfrog skeletons
  An iguana (D:5)
  3 worker ants
  An orc wizard (D:6)
  2 hound skeletons
  7 adders
  A shadow imp (D:6)
  3 oozes
  An adder zombie (D:6)
  3 worms
  3 dart slugs
  3 leopard geckos
  6 orcs
  9 bats
  6 giant cockroaches
  7 goblins
  2 hobgoblins
  9 jackals
  7 kobolds
  2 quokkas
  A ball python (D:2)
  6 frilled lizards
  A leopard gecko skeleton (D:5)
  11 rats
113 creatures vanquished.

Vanquished Creatures (others)
  A hobgoblin (D:4)
1 creature vanquished.

Grand Total: 114 creatures vanquished

Notes
Turn   | Place    | Note
-------+----------+-------------------------------------------
     0 | D:1      | Monzz the Hill Orc Monk began the quest for the Orb.
     0 | D:1      | Reached XP level 1. HP: 19/19 MP: 1/1
   152 | D:1      | Reached XP level 2. HP: 27/27 MP: 2/2
   476 | D:1      | Reached XP level 3. HP: 30/33 MP: 3/3
   939 | D:2      | Reached skill level 1 in Armour
   959 | D:2      | Reached XP level 4. HP: 35/41 MP: 4/4
  1204 | D:2      | Reached skill level 5 in Axes
  1455 | D:3      | Reached skill level 1 in Shields
  1638 | D:3      | Found a sparkling altar of Nemelex Xobeh.
  1728 | D:3      | Reached XP level 5. HP: 44/47 MP: 5/5
  1752 | D:3      | Found a basalt altar of Yredelemnul.
  2077 | D:3      | Found a burning altar of Makhleb.
  2376 | D:4      | Reached XP level 6. HP: 38/53 MP: 6/6
  2464 | D:4      | Reached skill level 6 in Axes
  3065 | D:4      | Found a blossoming altar of Fedhas.
  3167 | D:4      | Became a worshipper of Beogh the Brigand
  3167 | D:4      | Reached * piety under Beogh
  3167 | D:4      | Reached ** piety under Beogh
  3171 | D:4      | Reached XP level 7. HP: 60/60 MP: 7/7
  3401 | D:4      | Found a runed door.
  3443 | D:4      | Noticed Crazy Yiuf
  3457 | D:4      | HP: 1/60 [something (6)]
  3666 | D:5      | Entered Level 5 of the Dungeon
  3718 | D:5      | Reached skill level 7 in Axes
  3793 | D:5      | Reached skill level 5 in Shields
  4035 | D:5      | Reached XP level 8. HP: 53/67 MP: 8/8
  4077 | D:5      | Found a sparkling altar of Nemelex Xobeh.
  4089 | D:5      | Reached skill level 5 in Fighting
  4089 | D:5      | Reached skill level 8 in Axes
  4419 | D:6      | Noticed Dowan
  4436 | D:6      | Noticed Duvessa
  4618 | D:6      | Noticed Grinder
  4620 | D:6      | Paralysed by Grinder for 3 turns
  4631 | D:6      | Paralysed by something for 5 turns
  4653 | D:6      | HP: 3/68 [orc priest (1)]
  4655 | D:6      | Slain by a bullfrog

Skill      XL: |  1  2  3  4  5  6  7  8 |
---------------+-------------------------+-----
Fighting       | 4 5 |  5.1
Armour         | 1 2 3 |  3.8
Axes           | 5 6 7 8 |  8.6
Shields        | 2 4 5 6 |  6.3
Dodging        | 3 |  3.0
Throwing       | |  0.2
Stealth        | |  1.8

Action                   |  1- 3 |  4- 6 |  7- 9 || total
-------------------------+-------+-------+-------++-------
Melee: Hand axe          |   118 |    62 |       ||   180
       War axe           |       |   178 |   157 ||   335
Throw: Stone             |       |     4 |     6 ||    10
Invok: Convert to Beogh  |       |     1 |       ||     1
  Use: Scroll            |     4 |    10 |     5 ||    19
       Potion            |       |     5 |     1 ||     6
 Stab: Sleeping          |     1 |       |       ||     1
  Eat: Chunk             |       |     8 |     5 ||    13
Armor: Ring mail         |    33 |    33 |       ||    66
       Robe              |     1 |       |       ||     1
       Chain mail        |       |   116 |   104 ||   220
Dodge: Dodged            |    66 |    81 |    24 ||   171
Block: Shield            |     4 |   135 |   107 ||   246
